[Event "*** Titled Tuesday Blitz"]
[Site "Chess.com"]
[Date "2018.08.07"]
[Round "6"]
[White "Titus369"]
[Black "KRASAVCHIK2002"]
[Result "1-0"]
[WhiteElo "2298"]
[BlackElo "2199"]
[TimeControl "180+2"]
[EndTime "14:20:23 PDT"]
[Termination "Titus369 won by resignation"]

1. e4 c5 2. Nf3 d6 3. d4 cxd4 4. Nxd4 Nf6 5. Nc3 a6 6. h3 e5 7. Nde2 h5 8. g3 Be6 9. Bg2 Be7 10. a4 h4 11. g4 Nfd7 12. O-O Nc6 13. Be3 Nf8 14. f4 Bc4 15. b3 Bxe2 16. Qxe2 Ne6 17.
Nd5 exf4 18. Nxf4 Nxf4 19. Rxf4 Bg5 20. Rff1 Bxe3+ 21. Qxe3 O-O 22. Rad1 Qe7 23. Qf4 Qe5 24.
Rd5 Qxf4 25. Rxf4 Nb4 26. Rd2 Rac8 27. c4 b5 28. axb5 axb5 29. Bf1 bxc4 30. Bxc4 Nc6 31. Rxd6 Ne5 32. Rd4 Rfd8 33. Rxd8+ Rxd8 34. Bd5 g6 35. Rf2 Kg7 36. Rc2 f5 37. gxf5 gxf5 38. b4 fxe4 39. Bxe4 Rd4 40. Rg2+ Kf6 41. Rf2+ Ke7 42. Rf4 Rxb4 43.
Kh2 Rb2+ 44. Bg2 Ng6 45. Rg4 Kf6 46. Kg1 Rb1+ 47. Kf2 Rb2+ 48. Ke3 Rb3+ 49. Kd2 Rb2+ 50. Kc3 Rf2 51. Be4 Ne5 52. Rxh4 Kg5 53. Rh8 Rh2 54. Kd4 Nf7 55. Rg8+ Kf6 56. Rg3 Ng5 57. Bg2 Nf7 58.
Ke3 Ne5 59. Kf2 Ng6 60. Kg1 Rxg2+ 61. Kxg2 Nf4+ 62. Kf3 Nh5 63. Rg8 Ng7 64. Ra8 Kg6 65. Ra5 Kh7 66. Ra6 Nf5 67. Kf4 Nd4 68. h4 Ne2+ 69.
Kg5 Ng3 70. Ra7+ Kg8 71. Re7 1-0

[Event "*** Titled Tuesday Blitz"]
[Site "Chess.com"]
[Date "2018.08.07"]
[Round "6"]
[White "platy3"]
[Black "Annawel"]
[Result "1-0"]
[WhiteElo "2752"]
[BlackElo "2787"]
[TimeControl "180+2"]
[EndTime "14:20:27 PDT"]
[Termination "platy3 won by checkmate"]

1. e4 c5 2. Nf3 d6 3. d4 cxd4 4. Nxd4 Nf6 5. Nc3 a6 6. Bg5 Nbd7 7. Qe2 h6 8. Bh4 Qc7 9. f4 g6 10. O-O-O Bg7 11. f5 g5 12. Bg3 Ne5 13. h4 g4 14.
Nd5 Nxd5 15. exd5 Bd7 16. Kb1 h5 17. Qe4 O-O-O 18. Nb3 Kb8 19. Bf2 Rhe8 20. Rd2 e6 21. Qe3 exf5 22. Qa7+ Kc8 23. Bb6 Qb8 24. Qxb8+ Kxb8 25. Bxd8 Rxd8 26. Nd4 f4 27. Be2 Re8 28. Rf1 Ng6 29. c3 Bh6 30. Bd3 Nxh4 31. Rh1 f3 32.
Rdd1 Nxg2 33. Rxh5 Bg7 34. Rh7 Re1 35. Rxe1 Nxe1 36.
Rxg7 Nxd3 37. Rxf7 f2 38. Ne2 Be8 39. Rf8 Kc7 40.
Ng3 Bg6 41. Ka1 Kd7 42. Rf6 Be8 43. Kb1 Ke7 44. Re6+ Kd7 45. Kc2 Nf4 46. Rf6 Nxd5 47. Rxf2 Bg6+ 48. Kd2 Ke6 49. Ne2 Be4 50. Nf4+ Ke5 51.
Nxd5 Kxd5 52. Ke3 Bf3 53. Rd2+ Ke5 54. Rd4 Ke6 55. Rf4 Ke5 56. Rf7 Bc6 57. Rg7 Kf5 58. b3 Bf3 59. c4 Kf6 60. Rh7 Ke5 61. Rh5+ Ke6 62. Kf4 Kd7 63. Rh6 Kc6 64. Ke3 Kc5 65. Rg6 b6 66. a3 Kc6 67. Kd4 Bd1 68. b4 Kd7 69. a4 Bxa4 70. Rxg4 Bd1 71. Rg7+ Kc6 72.
Ra7 a5 73. b5# 1-0

[Event "*** Titled Tuesday Blitz"]
[Site "Chess.com"]
[Date "2018.08.07"]
[Round "6"]
[White "Mikhail_Golubev"]
[Black "Arystanner23"]
[Result "1/2-1/2"]
[WhiteElo "2452"]
[BlackElo "2578"]
[TimeControl "180+2"]
[EndTime "14:20:32 PDT"]
[Termination "Game drawn by agreement"]

1. e4 e5 2. Nf3 Nc6 3. Bb5 a6 4. Ba4 Nf6 5. O-O Be7 6. d3 b5 7. Bb3 O-O 8. a4 b4 9. Nbd2 d6 10. h3 Na5 11. Ba2 c5 12. Nc4 Nc6 13. c3 Rb8 14.
Re1 h6 15. Bd2 Be6 16. Qe2 Re8 17. Qd1 Bf8 18. a5 Qc7 19. Bb3 d5 20. exd5 Bxd5 21. Ba4 bxc3 22. Bxc3 e4 23. Nfd2 exd3 24. Rxe8 Nxe8 25.
Qf1 Rd8 26. Re1 Nd6 27. Ne3 Be6 28. Bxc6 Qxc6 29. Qxd3 Qb5 30. Qc2 Nb7 31. Ra1 Qd3 32. Qxd3 Rxd3 33. Ndc4 f5 34. g3 g5 35. Ne5 Rd8 36. Re1 Bg7 37. g4 f4 38. Nf5 Bxf5 39. gxf5 Re8 40. Kf1 Nd6 41. Rd1 Nxf5 42. Rd5 Rc8 43.
Rd7 Nd4 44. Nc4 f3 45. Nd6 Rf8 46. Ke1 Rf4 47. Kd2 Rh4 48. Kd3 Rxh3 49. Ra7 Rh2 50.
Ne4 Rh1 51. Rxa6 Rd1+ 52. Kc4 g4 53. Rg6 h5 54. Rg5 Kf7 55. Rxh5 Ne6 56. Bxg7 Kxg7 57. Re5 Rd4+ 58. Kb5 Rb4+ 59. Kc6 Kf7 60. a6 Rxb2 61.
a7 Ra2 62. Ng5+ Nxg5 63. Rxg5 Rxa7 64. Rxg4 Ke6 1/2-1/2

[Event "*** Titled Tuesday Blitz"]
[Site "Chess.com"]
[Date "2018.08.07"]
[Round "6"]
[White "Zhigalko_Sergei"]
[Black "hansen"]
[Result "0-1"]
[WhiteElo "2839"]
[BlackElo "2671"]
[TimeControl "180+2"]
[EndTime "14:20:43 PDT"]
[Termination "hansen won by resignation"]

1. e4 e5 2. Nf3 Nc6 3. Bc4 Bc5 4. O-O Nf6 5. d3 d6 6. c3 a6 7. Nbd2 Ba7 8. Bb3 O-O 9. h3 Kh8 10. Nc4 h6 11. Re1 Nh7 12. d4 Qf6 13. dxe5 dxe5 14. Be3 b5 15. Ncd2 Na5 16. Qe2 Be6 17. Bxa7 Rxa7 18. Qe3 Rb7 19. Qc5 Re8 20. Red1 Ng5 21. Nxg5 hxg5 22. Bxe6 Qxe6 23. b4 Nc6 24. Nf3 f6 25. Rd2 Ne7 26. Rad1 Ng6 27. Nh2 Qb6 28.
Qd5 c6 29. Qb3 a5 30. Ng4 axb4 31. cxb4 c5 32. Rd6 Qc7 33. bxc5 Qxc5 34. Ne3 Nf4 35.
Nf5 Qc4 36. Qf3 Qe2 37. Qe3 Qxe3 38. Nxe3 Ne2+ 39. Kh2 Nc3 40. Rd8 Rxd8 41. Rxd8+ Kh7 42. f3 Nxa2 43. Rd3 b4 44. Rb3 Nc1 45. Rb1 Ne2 46.
Nc4 Nd4 47. Na5 Rb5 48. Nb3 Nxb3 49. Rxb3 Kg6 50. Kg1 Kf7 51. Kf2 Ke7 52. Ke3 Kd6 53. Kd2 Kc5 54. Rd3 Kc4 55. Rd7 b3 56. Kc1 Ra5 57.
Rc7+ Kd4 58. Rxg7 Ra2 59. g3 Rf2 60. h4 gxh4 61. gxh4 Rxf3 62. h5 Kxe4 63. Rg4+ Kf5 64. Rh4 Rc3+ 65. Kb2 Rc7 66. Kxb3 Kg5 67. Rh1 Rh7 68. Kc4 Rxh5 69. Rf1 Kg6 70. Kd5 Rh8 71. Ke4 Kf7 72. Ra1 Rh4+ 73. Kf3 Ke6 74. Kg3 Rb4 75. Ra6+ Kf5 76. Ra8 Rb3+ 77. Kf2 Kf4 78. Rh8 Rb2+ 79. Ke1 e4 80. Rh3 f5 81. Rh5 Ke3 82. Kd1 f4 83. Kc1 Rg2 84. Rh3+ f3 0-1

[Event "*** Titled Tuesday Blitz"]
[Site "Chess.com"]
[Date "2018.08.07"]
[Round "6"]
[White "Martins-BR"]
[Black "francogreek"]
[Result "0-1"]
[WhiteElo "2319"]
[BlackElo "2414"]
[TimeControl "180+2"]
[EndTime "14:21:18 PDT"]
[Termination "francogreek won by resignation"]

1. e4 c5 2. Nf3 d6 3. d4 Nf6 4. Nc3 cxd4 5. Nxd4 g6 6. Be3 a6 7. f3 b5 8. Qd2 Bb7 9. O-O-O Nbd7 10. g4 h6 11. Kb1 e5 12. Nb3 b4 13. Ne2 a5 14.
Nbc1 d5 15. exd5 Nxd5 16. Bf2 a4 17. Ng3 a3 18. Bc4 axb2 19. Bxd5 bxc1=Q+ 20. Kxc1 Qa5 21. Bxf7+ Kxf7 22. Qxd7+ Be7 23. Qxb7 Qa3+ 24. Kd2 Qc3+ 25. Ke2 Qxc2+ 26. Rd2 Qc4+ 27. Ke1 Rxa2 28. Qd5+ Qxd5 29. Rxd5 b3 30. Kf1 Rc8 31. Rb5 Rcc2 32. Ne4 b2 33. Kg2 Ra1 34. Rxb2 Rxb2 35. Rxa1 Rc2 36. Ra7 Ke6 37. Ra6+ Kf7 38. Kf1 Rb2 39. h3 Rb3 40. Kg2 Rb2 41. Rb6 Ra2 42. Rb5 Ke6 43. Kg3 h5 44. Rb6+ Kf7 45. g5 Rc2 46. Rb5 Ke6 47.
h4 Ra2 48. Bc5 Bxc5 49. Rxc5 Ra1 50. Rc6+ Kf7 51. Rf6+ Kg7 52. Nc5 Rg1+ 53. Kh2 Rf1 54. Ne6+ Kh7 55. Nf8+ Kg7 56. Nxg6 e4 57. Ne5 e3 58. Rf7+ Kg8 59. g6 e2 60. Nd7 Rxf3 61. Rxf3 e1=Q 62. Rf7 Qxh4+ 63. Kg2 Qg4+ 64. Kf2 Qxg6 65.
Rf3 h4 66. Nf6+ Kg7 67. Nd5 Qc2+ 68. Ke3 Kh6 69. Nf4 Kg5 70. Nh3+ Kg4 71. Nf2+ Kg5 72. Nh3+ Kh5 73. Nf2 Qc5+ 74. Ke4 Qc6+ 75. Ke3 Qe6+ 76. Kd3 Qe5 77. Re3 Qd5+ 78. Ke2 Kg5 79. Nh3+ Kg4 80. Nf2+ Kf4 81. Nh3+ Kg4 82. Nf2+ Kf5 83. Nh3 Qg2+ 84.
Kd3 Kg4 0-1

[Event "*** Titled Tuesday Blitz"]
[Site "Chess.com"]
[Date "2018.08.07"]
[Round "6"]
[White "murmah2003"]
[Black "ChessicallyInclined"]
[Result "1/2-1/2"]
[WhiteElo "2553"]
[BlackElo "2365"]
[TimeControl "180+2"]
[EndTime "14:22:46 PDT"]
[Termination "Game drawn by repetition"]

1. Nf3 d5 2. d4 e6 3. c4 Nf6 4. Nc3 Be7 5. Bf4 O-O 6. e3 b6 7. cxd5 Nxd5 8. Nxd5 Qxd5 9. a3 Ba6 10. Bxa6 Nxa6 11.
O-O c5 12. Qa4 Qb7 13. Rac1 cxd4 14. Nxd4 Nc5 15. Qc6 Qxc6 16. Nxc6 Bf6 17. b4 Nd3 18. Rc2 Nxf4 19. exf4 g6 20. g3 h5 21. Rd1 Rfc8 22. Kg2 Rc7 23. Rdc1 b5 24. h4 Kg7 25. Ne5 Rxc2 26. Rxc2 a5 27. Rc5 axb4 28. axb4 Ra2 29.
Rxb5 Rb2 30. Nc6 Bc3 31. Kf1 Kf6 32. Rb7 Kf5 33. Rxf7+ Ke4 34. Rd7 Rc2 35. b5 Rb2 36. Kg2 Rxb5 37. Rd1 Bf6 38. Re1+ Kf5 39. Ne5 Bxe5 40.
fxe5 Rxe5 41. Ra1 Rd5 42. Ra8 Kf6 43. Rf8+ Kg7 44. Rf4 Rf5 45. Re4 Kf6 46. Ra4 Rd5 47.
Ra7 e5 48. Kf3 Rd4 49. Ke3 Rb4 50. Ra6+ Kf5 51. Kf3 Rb3+ 52. Kg2 Rc3 53. Rd6 g5 54. hxg5 Kxg5 55. Rd5 Kf6 56. Rd6+ Kf5 57. Rd8 Rc2 58. Rh8 Kg5 59. Rg8+ Kf5 60. Rh8 Kg5 61. Re8 Kf5 62.
Kf3 Rc3+ 63. Kg2 Kf6 64. Kh3 Rc2 65. Kh4 Kf7 66. Rxe5 Rxf2 67. Kxh5 Kf6 68. Ra5 Rh2+ 69. Kg4 Kg7 70. Kg5 Rf2 71. Ra7+ Kg8 72. Kg6 Rf8 73. g4 Re8 74. Ra6 Rf8 75. g5 Rb8 76. Rf6 Ra8 77. Kh6 Ra1 78. Rb6 Ra8 79. g6 Rc8 80. Rb7 Ra8 81.
Rf7 Rb8 82. Rg7+ Kh8 83. Rf7 Kg8 84. Rd7 Ra8 85. Rd5 Rb8 86. Ra5 Rc8 87. Rf5 Rb8 88. Re5 Ra8 89. Re6 Rc8 90. g7 Ra8 91. Rf6 Rc8 92. Rb6 Ra8 93. Rf6 Rc8 94. Kg6 Ra8 95. Kh6 Rc8 96. Kg6 Ra8 97. Rb6 Rc8 98. Ra6 Rb8 99.
Rf6 Rc8 100. Re6 Rb8 101. Rf6 Rc8 102. Rf7 Rc6+ 103. Rf6 Rc8 1/2-1/2

[Event "*** Titled Tuesday Blitz"]
[Site "Chess.com"]
[Date "2018.08.07"]
[Round "6"]
[White "penguingm1"]
[Black "Margency"]
[Result "1/2-1/2"]
[WhiteElo "2833"]
[BlackElo "2730"]
[TimeControl "180+2"]
[EndTime "14:25:04 PDT"]
[Termination "Game drawn by stalemate"]

1. d4 Nf6 2. c4 g6 3. f3 d6 4.
e4 Bg7 5. Nc3 c6 6. Nge2 a6 7.
Be3 b5 8. c5 Nbd7 9. cxd6 exd6 10. Qd2 O-O 11. Nf4 Re8 12. Be2 Bb7 13. O-O Qe7 14.
Rac1 Rac8 15. Rfd1 Nb6 16. b3 Nbd5 17. Bf2 Nxc3 18.
Rxc3 Bh6 19. Nxg6 Bxd2 20. Nxe7+ Rxe7 21. Rxd2 Nd7 22. Bh4 Re6 23. f4 Rxe4 24. Rg3+ Kf8 25. Bd3 Rxf4 26. Bg5 Rxd4 27. Bf5 Rxd2 28. Bxd2 Ke7 29.
Bg5+ f6 30. Bh6 Rc7 31. Rg7+ Kd8 32. Rxh7 c5 33. Rh8+ Ke7 34. Rh7+ Kd8 35. Bd2 b4 36. h4 Ne5 37. Rh8+ Ke7 38. Bh6 Bd5 39. Bf8+ Kf7 40.
Rh7+ Kxf8 41. Rxc7 Bf7 42. Kf2 a5 43. g4 c4 44. h5 cxb3 45. axb3 Bxb3 46. h6 Nf7 47. h7 Kg7 48. Rc8 Nh8 49. Rc7+ Kh6 50. Ra7 a4 51.
Ke2 a3 52. Kd2 Bc4 53. Kc2 a2 54. Kb2 b3 55. Rd7 Bf7 56. Rxd6 Kg7 57. Rd8 Bc4 58. Rc8 Bf7 59. Rc6 Bd5 60. Rd6 Bf7 61. Bd3 Bg6 62. Rd7+ Kh6 63. Bc4 Bxh7 64. Bxb3 Bb1 65.
Bg8 Ng6 66. Rd5 Ne5 67. Be6 Kg5 68. Rd4 f5 69. gxf5 Bxf5 70. Bxa2 Nd3+ 71. Kc3 Nf4 72. Rd6 Ne2+ 73. Kd2 Nf4 74. Ke3 Ng2+ 75. Kf3 Nh4+ 76.
Kg3 Ng6 77. Rd5 Kf6 78. Ra5 Ne5 79. Bb3 Ng6 80. Bd1 Ne5 81. Bh5 Ng6 82. Be2 Ne5 83.
Kf4 Ng6+ 84. Ke3 Ne5 85. Rc5 Ng6 86. Rd5 Ne5 87. Bd1 Ng6 88. Bh5 Ne5 89. Kd4 Nc6+ 90. Kc5 Ne5 91. Kd6 Nc4+ 92. Kc7 Ne5 93. Be2 Ng6 94.
Kd6 Nf4 95. Rd2 Nxe2 96. Rxe2 Bh7 97. Rf2+ Kg7 98. Ke6 Kh8 99. Kf6 Bg8 100. Rh2+ Bh7 101. Rh4 Kg8 102. Rd4 Kh8 103. Rd7 Bg8 104. Kg6 Be6 105. Rd4 Bb3 106. Rb4 Bc2+ 107. Kf7 Bd3 108. Rh4+ Bh7 109. Rc4 Bd3 110. Rc8+ Kh7 111. Rc3 Bg6+ 112. Kf6 Be4 113. Rc4 Bd3 114. Rg4 Kh8 115. Rd4 Bc2 116. Rh4+ Bh7 117. Rh5 Kg8 118. Rc5 Kh8 119. Rc7 Be4 120. Kf7 Bd5+ 121. Kf8 Be4 122. Rc4 Bh7 123. Rg4 Bd3 124. Rg8+ Kh7 125. Rg7+ Kh8 126. Re7 Bc2 127. Kf7 Kh7 128. Kf6+ Kh8 129. Re8+ Kh7 130. Re2 Bd3 131. Re3 Bc2 132. Kg5 Kg7 133. Re7+ Kh8 134. Kf6 Bd3 135. Rg7 Bc2 136. Rg3 Bb1 137. Rh3+ Bh7 138. Rh1 Kg8 139. Ra1 Kh8 140. Ra2 Bd3 141. Ra8+ Kh7 142. Ra7+ Kh8 143. Kf7 Kh7 144. Kf8+ Kh8 145. Ra3 Bh7 146. Rh3 1/2-1/2

[Event "*** Titled Tuesday Blitz"]
[Site "Chess.com"]
[Date "2018.08.07"]
[Round "7"]
[White "tteshan"]
[Black "MateusViageiro"]
[Result "1-0"]
[WhiteElo "2058"]
[BlackElo "2307"]
[TimeControl "180+2"]
[EndTime "14:26:48 PDT"]
[Termination "tteshan won by resignation"]

1. d4 Nf6 2. c4 e6 3. Nc3 d5 4. cxd5 exd5 5. Bg5 c6 6. e3 Be6 7. Qc2 Nbd7 8. Bd3 Be7 9. Nge2 h6 10. Bh4 O-O 11. O-O Ne8 12. Bg3 a5 13. f3 Nd6 14.
Rad1 Bh4 15. Bxd6 1-0

[Event "*** Titled Tuesday Blitz"]
[Site "Chess.com"]
[Date "2018.08.07"]
[Round "7"]
[White "AquivaRubinstein"]
[Black "josiwales"]
[Result "1/2-1/2"]
[WhiteElo "2407"]
[BlackElo "2516"]
[TimeControl "180+2"]
[EndTime "14:27:53 PDT"]
[Termination "Game drawn by agreement"]

1. d4 d5 2. c4 c6 3. Nf3 Nf6 4. Nc3 dxc4 5. a4 Bf5 6. Ne5 e6 7. f3 Bb4 8. e4 Bxe4 9. fxe4 Nxe4 10. Qf3 Qxd4 11. Qxf7+ Kd8 12. Bg5+ Nxg5 13. Qxg7 Bxc3+ 14. bxc3 Qxc3+ 15. Ke2 Qc2+ 16. Ke1 Qc3+ 17. Ke2 Qc2+ 18. Ke1 1/2-1/2

[Event "*** Titled Tuesday Blitz"]
[Site "Chess.com"]
[Date "2018.08.07"]
[Round "7"]
[White "francogreek"]
[Black "2Tilted"]
[Result "1-0"]
[WhiteElo "2420"]
[BlackElo "2334"]
[TimeControl "180+2"]
[EndTime "14:28:05 PDT"]
[Termination "francogreek won by resignation"]

1. e4 c5 2. a3 d5 3. exd5 Qxd5 4. Nc3 Qe5+ 5. Be2 Bg4 6. d3 Bxe2 7. Ngxe2 a6 8. Bf4 Qe6 9. O-O Nc6 10. Re1 Qd7 11.
Na4 Qf5 12. Qd2 Rd8 13. Ng3 Qg6 14. Nxc5 e6 15. Nxb7 Ra8 16. Qc3 Rc8 17. Ne4 Be7 18.
Ned6+ 1-0

[Event "*** Titled Tuesday Blitz"]
[Site "Chess.com"]
[Date "2018.08.07"]
[Round "7"]
[White "NateSolon"]
[Black "DoctorSocrates"]
[Result "1-0"]
[WhiteElo "2527"]
[BlackElo "2551"]
[TimeControl "180+2"]
[EndTime "14:29:29 PDT"]
[Termination "NateSolon won by resignation"]

1. d4 g6 2. e4 Bg7 3. Nc3 d6 4. f4 c6 5. Nf3 d5 6. e5 Bg4 7.
h3 Bxf3 8. Qxf3 f5 9. exf6 Nxf6 10. Bd3 O-O 11. Ne2 e6 12. O-O Qd6 13. Be3 Nbd7 14. c3 c5 15. Kh1 cxd4 16. Bxd4 Nc5 17. Rae1 Nxd3 18. Qxd3 Ne4 19. Bxg7 Kxg7 20. Nd4 Rae8 21. Rxe4 dxe4 22. Nf5+ exf5 23. Qxd6 Rf7 24. Qd4+ Kg8 25. Qxa7 e3 26. Re1 e2 27. Kg1 1-0

[Event "*** Titled Tuesday Blitz"]
[Site "Chess.com"]
[Date "2018.08.07"]
[Round "7"]
[White "ozates"]
[Black "ShimanovAlex"]
[Result "0-1"]
[WhiteElo "2490"]
[BlackElo "2765"]
[TimeControl "180+2"]
[EndTime "14:29:44 PDT"]
[Termination "ShimanovAlex won by resignation"]

1. e4 g6 2. d4 Bg7 3. Nc3 d6 4. f4 Nf6 5. Nf3 O-O 6. Be3 Nc6 7. Qd2 Bg4 8. Be2 Bxf3 9. Bxf3 e5 10. fxe5 dxe5 11.
d5 Nd4 12. O-O-O c6 13. dxc6 bxc6 14. Bxd4 exd4 15. Qxd4 Nd5 16. Qc4 Qg5+ 17. Kb1 Nxc3+ 18. bxc3 Rab8+ 19. Ka1 Qa5 20. Rd3 Qa3 21. Rb1 Rxb1+ 22. Kxb1 Rb8+ 23. Qb3 Rxb3+ 24. axb3 Be5 25. g3 a5 0-1

[Event "*** Titled Tuesday Blitz"]
[Site "Chess.com"]
[Date "2018.08.07"]
[Round "7"]
[White "Abrito99"]
[Black "JSMastropiero"]
[Result "1-0"]
[WhiteElo "2507"]
[BlackElo "2321"]
[TimeControl "180+2"]
[EndTime "14:29:57 PDT"]
[Termination "Abrito99 won by checkmate"]

1. e4 e5 2. Bc4 Nf6 3. d3 Nc6 4. Nf3 Be7 5. O-O O-O 6. Re1 d6 7. a4 Kh8 8. h3 Ng8 9. Nc3 f5 10. Nd5 fxe4 11. dxe4 Nf6 12. Ng5 Nxd5 13. Nxh7 Rf4 14.
g3 Qe8 15. Qxd5 Rxf2 16. Kxf2 Kxh7 17. c3 Qg6 18. Qg8# 1-0

[Event "*** Titled Tuesday Blitz"]
[Site "Chess.com"]
[Date "2018.08.07"]
[Round "7"]
[White "Micki-taryan"]
[Black "eljanov"]
[Result "1-0"]
[WhiteElo "2910"]
[BlackElo "2680"]
[TimeControl "180+2"]
[EndTime "14:30:01 PDT"]
[Termination "Micki-taryan won by resignation"]

1. Nf3 d5 2. g3 Bg4 3. Bg2 c6 4. O-O Nf6 5. b3 e6 6. Bb2 Nbd7 7. d3 a5 8. a3 Be7 9. e4 O-O 10. Qe1 dxe4 11. dxe4 Qc7 12. Nbd2 Rfd8 13. h3 Bh5 14.
Nh4 Ne8 15. f4 Bxh4 16. gxh4 f6 17. Nc4 Nd6 18. Ne3 Nc5 19. Ng4 Bxg4 20. hxg4 Qb6 21.
Kh1 Nf7 22. g5 e5 23. gxf6 gxf6 24. fxe5 Nxe5 25. Rxf6 1-0

[Event "*** Titled Tuesday Blitz"]
[Site "Chess.com"]
[Date "2018.08.07"]
[Round "7"]
[White "Korchmar_Vasiliy"]
[Black "Slovak_fighter2000"]
[Result "1-0"]
[WhiteElo "2625"]
[BlackElo "2411"]
[TimeControl "180+2"]
[EndTime "14:30:06 PDT"]
[Termination "Korchmar_Vasiliy won by checkmate"]

1. d4 d5 2. Nf3 Nf6 3. Bf4 c5 4.
e3 Nc6 5. Nbd2 e6 6. c3 Bd6 7.
Bg3 O-O 8. Bd3 b6 9. Qe2 Bb7 10. Rd1 Qe7 11. e4 dxe4 12. Nxe4 Nxe4 13. Bxe4 cxd4 14. Bxd6 Qxd6 15. Nxd4 Nxd4 16. Bxb7 Nxe2 17. Rxd6 Rab8 18. Kxe2 Rxb7 19. Rhd1 g6 20. g4 h6 21. h4 Kg7 22. Rd7 Rfb8 23. c4 a6 24. b4 Kf6 25.
f4 h5 26. g5+ Kf5 27. Kf3 a5 28. R7d6 f6 29. R1d5+ exd5 30. Rxf6# 1-0

[Event "*** Titled Tuesday Blitz"]
[Site "Chess.com"]
[Date "2018.08.07"]
[Round "7"]
[White "murmah2003"]
[Black "MFBerna"]
[Result "1-0"]
[WhiteElo "2556"]
[BlackElo "2289"]
[TimeControl "180+2"]
[EndTime "14:30:23 PDT"]
[Termination "murmah2003 won by resignation"]

1. Nf3 Nf6 2. c4 c6 3. Nc3 d5 4. e3 Bf5 5. d4 e6 6. b3 h6 7. Bb2 Bd6 8. Bd3 Bxd3 9. Qxd3 Nbd7 10. O-O O-O 11. e4 dxe4 12. Nxe4 Nxe4 13. Qxe4 Qf6 14. g3 Rfe8 15. Rfe1 Qf5 16. Qxf5 exf5 17. Rxe8+ Rxe8 18. d5 cxd5 19. Rd1 Nb6 20. Bd4 Bc7 21. Bxb6 Bxb6 22.
Rxd5 Re2 23. c5 Bc7 24. Rd7 Ba5 25. Rxb7 1-0

[Event "*** Titled Tuesday Blitz"]
[Site "Chess.com"]
[Date "2018.08.07"]
[Round "7"]
[White "fidetrainerNET"]
[Black "Alopekos"]
[Result "0-1"]
[WhiteElo "1917"]
[BlackElo "2450"]
[TimeControl "180+2"]
[EndTime "14:31:11 PDT"]
[Termination "Alopekos won by resignation"]

1. c4 e5 2. f4 exf4 3. Nf3 g5 4. Nc3 g4 5. d4 gxf3 6. Bxf4 fxg2 7. Bxg2 d6 8. Qd3 Bh6 9. Bxh6 Nxh6 10. e4 Qh4+ 11. Kd2 Qg5+ 12. Kc2 Qxg2+ 13. Kb3 Qh3 14. Qd2 Nc6 15.
e5 dxe5 16. Rae1 Nf5 17. d5 Ncd4+ 18. Ka3 f6 19. Rhg1 Nf3 20. Qd3 Nxg1 21. Qc2 Nf3 22. Rf1 Qxf1 0-1

[Event "*** Titled Tuesday Blitz"]
[Site "Chess.com"]
[Date "2018.08.07"]
[Round "7"]
[White "Kislov_Oleg"]
[Black "AndrewDGreen"]
[Result "0-1"]
[WhiteElo "2360"]
[BlackElo "2194"]
[TimeControl "180+2"]
[EndTime "14:31:20 PDT"]
[Termination "AndrewDGreen won by resignation"]

1. e4 c5 2. Nf3 g6 3. c3 d5 4. exd5 Qxd5 5. d4 Bg7 6. dxc5 Qxc5 7. Be3 Qc7 8. Na3 a6 9. Nc4 Nd7 10. a4 Ngf6 11. a5 O-O 12. h3 Nc5 13. Nb6 Rb8 14.
Nxc8 Rbxc8 15. Be2 Rfd8 16. Qc2 Nd5 17. Bd2 Nf4 18.
Bxf4 Qxf4 19. O-O Ne4 20. Ra4 f5 21. Nd4 Bxd4 22. Qb3+ Kf8 23. Rxd4 Rxd4 24. cxd4 Nd2 25. Qxb7 Rb8 26. Qxa6 Nxf1 27. Bxf1 Rxb2 28. Qc8+ Kg7 29.
a6 Qxf2+ 30. Kh2 Qxf1 31. Qc6 Qf4+ 32. Kg1 Rb1+ 0-1

[Event "*** Titled Tuesday Blitz"]
[Site "Chess.com"]
[Date "2018.08.07"]
[Round "7"]
[White "luca_va99"]
[Black "Laico"]
[Result "1/2-1/2"]
[WhiteElo "2381"]
[BlackElo "2276"]
[TimeControl "180+2"]
[EndTime "14:31:23 PDT"]
[Termination "Game drawn by agreement"]

1. d4 e6 2. e4 d5 3. Nc3 Nf6 4. Bg5 Be7 5. e5 Nfd7 6. h4 h6 7. Bxe7 Qxe7 8. Qd2 a6 9. f4 c5 10. Nf3 Nc6 11. O-O-O b5 12. dxc5 Nxc5 13. a3 b4 14. axb4 Nxb4 15. Qd4 O-O 16. g4 Rb8 17. g5 h5 18. g6 fxg6 19. Rg1 Ne4 20. Rxg6 Nxc3 21. bxc3 Nc6 22. Qd3 Rxf4 23. Qe3 Rxf3 24. Qxf3 Nxe5 25. Qg3 Nxg6 26. Qxb8 Qa3+ 27. Kd2 Qc5 28. Bxa6 1/2-1/2

[Event "*** Titled Tuesday Blitz"]
[Site "Chess.com"]
[Date "2018.08.07"]
[Round "7"]
[White "Indianlad"]
[Black "xberli"]
[Result "1-0"]
[WhiteElo "2741"]
[BlackElo "2481"]
[TimeControl "180+2"]
[EndTime "14:31:31 PDT"]
[Termination "Indianlad won by resignation"]

1. e4 c5 2. Nf3 d6 3. d4 cxd4 4. Nxd4 Nf6 5. Nc3 a6 6. Bc4 e6 7. Bb3 b5 8. O-O Qb6 9. Be3 Qb7 10. Re1 Be7 11. Qf3 Nbd7 12. a3 Ne5 13. Qg3 Bd7 14. h3 Rc8 15. f4 Nc4 16. e5 dxe5 17. fxe5 Nh5 18. Qg4 g6 19. Bg5 Bc5 20. Bxc4 bxc4 21. Rad1 Qxb2 22. Qf3 Bc6 23. Qf2 Qxc3 24. Be3 Qa5 25.
g4 Ng7 26. Nf5 Bxe3 27. Nd6+ Kd8 28. Rxe3 Bd5 29. Nb7+ 1-0

[Event "*** Titled Tuesday Blitz"]
[Site "Chess.com"]
[Date "2018.08.07"]
[Round "7"]
[White "Macron20hTF1"]
[Black "W_Amadeus"]
[Result "0-1"]
[WhiteElo "2356"]
[BlackElo "2575"]
[TimeControl "180+2"]
[EndTime "14:31:49 PDT"]
[Termination "W_Amadeus won by resignation"]

1. e4 e5 2. Nf3 Nc6 3. d4 exd4 4. Nxd4 Nf6 5. Nxc6 bxc6 6. e5 Qe7 7. Qe2 Nd5 8.
c4 Nb6 9. Nc3 Ba6 10. Qe4 Qe6 11.
f4 Bxc4 12. f5 d5 13. Bxc4 dxe4 14. fxe6 Nxc4 15. exf7+ Kxf7 16. Bf4 Bb4 17. O-O-O Bxc3 18. bxc3 Ke6 19. Rhe1 Kf5 20. Bg3 Rad8 21. Rf1+ Ke6 22. Rde1 Rd3 23. Rxe4 Rxc3+ 24. Kd1 Rd8+ 25. Ke1 Rc1+ 26. Kf2 Rxf1+ 0-1

[Event "*** Titled Tuesday Blitz"]
[Site "Chess.com"]
[Date "2018.08.07"]
[Round "7"]
[White "TBergh98"]
[Black "ShadowJolteon"]
[Result "0-1"]
[WhiteElo "2046"]
[BlackElo "2219"]
[TimeControl "180+2"]
[EndTime "14:31:51 PDT"]
[Termination "ShadowJolteon won by resignation"]

1. Nf3 Nf6 2. c4 e6 3. g3 d5 4. Bg2 Be7 5. O-O O-O 6. cxd5 exd5 7. b3 c6 8. Bb2 Bf5 9. d3 Re8 10. Nbd2 Nbd7 11. Rc1 h6 12. Qc2 Bb4 13. a3 Bd6 14. Rfe1 Ne5 15. b4 Nxf3+ 16. Bxf3 Bg6 17. e4 Be5 18. d4 Bd6 19. Bg2 a5 20. f4 Nxe4 21. Nxe4 axb4 22. axb4 Bxb4 23. Re2 dxe4 24. Bxe4 Bxe4 25.
Rxe4 Qd5 26. Re5 Qf3 27. Ra1 f6 28. Rxe8+ Rxe8 29. Qc4+ Kh7 30. Qxb4 Re2 0-1

[Event "*** Titled Tuesday Blitz"]
[Site "Chess.com"]
[Date "2018.08.07"]
[Round "7"]
[White "nihalsarin"]
[Black "RitvarsReimanis"]
[Result "1-0"]
[WhiteElo "2754"]
[BlackElo "2441"]
[TimeControl "180+2"]
[EndTime "14:32:06 PDT"]
[Termination "nihalsarin won by resignation"]

1. e4 c5 2. Nf3 Nc6 3. d4 cxd4 4. Nxd4 Nf6 5. Nc3 d6 6. Bg5 e6 7. Qd2 a6 8. O-O-O Bd7 9. f3 h6 10. Be3 Rc8 11. Kb1 Qa5 12. Nxc6 Rxc6 13. Nd5 Qxd2 14. Nxf6+ gxf6 15. Rxd2 h5 16. h4 b5 17. a4 bxa4 18. Rd4 Rb6 19. Rxa4 Rxb2+ 20. Kxb2 Bxa4 21. Bxa6 Rg8 22. Ra1 Bc6 23. Bf1 Be7 24. Ra6 Kd7 25.
Ra7+ Ke8 26. Bb6 f5 27. exf5 exf5 28. Bb5 Bf6+ 29. Kc1 Rxg2 30. Bxc6+ Kf8 31. Bd5 Bc3 32. Rxf7+ Ke8 33. Rxf5 Rh2 34. Kb1 Rxh4 35. Be3 Rb4+ 36. Bb3 Rh4 37. Bf7+ Kd7 38. Rxh5 Ra4 39. Ba2 Rb4+ 40.
Bb3 Rb8 41. Kc1 Re8 42. Ba4+ 1-0

[Event "*** Titled Tuesday Blitz"]
[Site "Chess.com"]
[Date "2018.08.07"]
[Round "7"]
[White "Karina_Oparina"]
[Black "epccmelech"]
[Result "1-0"]
[WhiteElo "2135"]
[BlackElo "1761"]
[TimeControl "180+2"]
[EndTime "14:32:11 PDT"]
[Termination "Karina_Oparina won on time"]

1. d4 Nf6 2. Nf3 c5 3. c4 cxd4 4. Nxd4 e5 5. Nb5 d5 6. cxd5 Bc5 7. N5c3 O-O 8. g3 e4 9. e3 Bf5 10. Bg2 Nbd7 11. O-O Ne5 12. Nd2 Qe7 13. Ndxe4 Nxe4 14. Nxe4 Bb6 15. b3 Rfe8 16. Bb2 Ng6 17. Nd2 Rad8 18.
e4 Bd7 19. Nc4 Bc5 20. Qe2 b5 21. Ne3 a5 22. a3 Ba7 23. Rac1 Ne5 24. Qd2 Ng4 25.
Nxg4 1-0